Cogmind - Beta 13 @@@ ROGUE MODE // 2024.04.17 @ 22:14:35 Player: youngster Result: Destroyed by D-53 Grenadier with Mini Grenade Launcher Performance ------------- Evolutions (2) 1000 Regions Visited (5) 1000 Robots Destroyed (147) 735 Value Destroyed (3817) 3817 Prototype IDs (16) 320 Alien Tech Used (0) 0 Bonus (634) 634 TOTAL SCORE: 7506 Bonus ------- High Alert Combat Kills 623 Follower Combat Kills 119 Friendly Fire -108 Cogmind --------- Core Integrity 0/550 Matter 290/300 Energy 180/180 System Corruption 0% Temperature Cool (0) Movement Rolling (150) Ox4 Location -8/Storage Parts ------- > --- POWER (1) -------- Meta Core > --- PROPULSION (4) --- Improved Treads Improved Treads Improved Treads Armored Wheel > --- UTILITY (4) ------ High-capacity Storage Unit Seismic Detector Core Analyzer > --- WEAPON (2) ------- Enhanced Autogun Maul > --- INVENTORY (20) --- Light Nuclear Core Reinforced Deuterium Engine Flight Unit Improved Flight Unit Flightbrick Medium Storage Unit Advanced Visual Processing Unit Improved Sensor Array Transmission Jammer Hardened Medium Armor Plating Hacking Suite Subdweller Beam Cannon Enhanced Autogun Subdweller Shrapnel Launcher Subdweller Shrapnel Launcher Improved Datajack Plasma Cutter Peak State ------------ > --- POWER ------------ Reinforced Deuterium Engine > --- PROPULSION ------- Armored Treads Armored Wheel Aerolev Unit Aerolev Unit > --- UTILITY ---------- High-capacity Storage Unit Core Analyzer Hardened Medium Armor Plating Improved Shield Generator > --- WEAPON ----------- Enhanced Autogun Maul > --- INVENTORY -------- Light Nuclear Core Meta Core Flight Unit Improved Flight Unit Flightbrick Medium Storage Unit Advanced Visual Processing Unit Improved Sensor Array Seismic Detector Transmission Jammer Subdweller Beam Cannon Enhanced Autogun Enhanced Autogun Subdweller Shrapnel Launcher Subdweller Shrapnel Launcher Improved Datajack Plasma Cutter [Rating: 43] Favorites ----------- Power Subdweller Power Source Engine Subdweller Power Source Power Core Nuclear Core Propulsion Light Treads Treads Light Treads Wheel Armored Wheel Hover Unit Aerolev Unit Flight Unit Improved Flight Unit Utility High-capacity Storage Unit Device Seismic Detector Storage High-capacity Storage Unit Processor Core Analyzer Protection Scrap Shield Weapon Autogun Energy Gun Subdweller Laser Energy Cannon Subdweller Beam Cannon Ballistic Gun Autogun Ballistic Cannon Slug Cannon Launcher Rocket Launcher Special Weapon Plasma Cutter Impact Weapon Maul Build | -11 -10 -10 -10 -8 -8 ------- Run | Yrd Mat Min Sub Mat Sto Slots Evolved 4 | . . . . 4 . Power . | . . . . . . Propulsion 2 | . . . . 2 . Utility 2 | . . . . 2 . Weapon . | . . . . . . Parts Attached 140 | 8 21 4 27 57 23 Power 8 | 1 . 1 2 3 1 Engine 6 | 1 . 1 2 2 . Core 2 | . . . . 1 1 Reactor . | . . . . . . Propulsion 27 | 2 5 . 4 7 9 Treads 22 | 2 5 . 4 7 4 Leg . | . . . . . . Wheel 2 | . . . . . 2 Hover 2 | . . . . . 2 Flight 1 | . . . . . 1 Utility 47 | 2 5 . 11 21 8 Device 25 | 1 3 . 3 11 7 Storage 3 | 1 1 . 1 . . Processor 1 | . . . . 1 . Hackware . | . . . . . . Protection 18 | . 1 . 7 9 1 Artifact . | . . . . . . Weapon 58 | 3 11 3 10 26 5 Energy Gun 1 | . . . 1 . . Energy Cannon 4 | . . . 1 3 . Ballistic Gun 31 | 3 7 2 5 12 2 Ballistic Cannon 3 | . . . 1 2 . Launcher 12 | . 4 1 2 5 . Special Weapon 1 | . . . . . 1 Impact Weapon 6 | . . . . 4 2 Slashing Weapon . | . . . . . . Piercing Weapon . | . . . . . . Special Melee Weapon . | . . . . . . Unidentified Prototypes 6 | . . . 1 3 2 Parts Lost 19 | . . 1 4 5 9 Power 2 | . . 1 1 . . Propulsion 6 | . . . . 1 5 Utility 9 | . . . 3 3 3 Weapon 2 | . . . . 1 1 Highest Loss Streak 4 | . . 1 1 3 4 To Critical Strikes . | . . . . . . Average Slot Usage (%) 92 | . 99 99 87 90 96 Engine 12 | . 14 13 13 6 9 Treads 28 | . 27 28 28 34 25 Device 6 | . 13 14 . 7 12 Storage 8 | . 14 14 3 9 9 Processor 1 | . . . . 2 9 Protection 7 | . . . 13 10 4 Energy Cannon 3 | . . . 7 3 . Ballistic Gun 17 | . 27 27 13 11 12 Ballistic Cannon 3 | . . . 6 1 . Naked Turns . | . . . . . . Heaviest Build 82 | 15 54 53 63 82 73 Greatest Support 82 | 40 40 40 40 82 82 Greatest Overweight (x) 8 | . 5 1 1 1 8 Average Overweight (x) . | . . 1 . . 3 Largest Inventory Capacity 20 | 8 20 20 20 20 20 Average Capacity 14 | 7 18 20 8 20 20 Most Carried 20 | 4 20 20 20 20 20 Average Carried 13 | 2 14 19 8 19 19 Final Capacity 20 | 8 20 20 20 20 20 Final Carried 20 | 4 20 20 19 20 20 Class Distribution -------------------- 68% | Mutant 15% | Scavenger-Mutant 14% | Subdweller-Mutant Dominant Class ---------------- Mutant | -10/Materials Mutant | -10/Mines Mutant | -10/Subcaves Mutant | -8/Materials Scavenger-Mutant | -8/Storage Resources | -11 -10 -10 -10 -8 -8 ----------- Run | Yrd Mat Min Sub Mat Sto Matter Collected 3892 | 316 711 127 744 1389 605 Remotely . | . . . . . . Salvage Created 4745 | 107 655 90 811 1559 1523 Parts 276 | 8 47 14 55 95 57 Haulers Intercepted 13 | . 2 . . 5 6 Recyclers Shooed 3 | . 1 . . 1 1 Parts Field Recycled . | . . . . . . Retrieved Matter . | . . . . . . Parts Self-Destructed 17 | . . . 17 . . Prevented . | . . . . . . Kills | -11 -10 -10 -10 -8 -8 ------- Run | Yrd Mat Min Sub Mat Sto Combat Hostiles Destroyed 99 | . 12 9 21 35 22 Melee 7 | . . . . . 7 Guns 53 | . 8 4 15 19 7 Cannons 3 | . . . 1 2 . AOE 27 | . 4 5 4 14 . Classes Destroyed 18 | 2 5 . 3 7 1 Worker 11 | . 6 1 . 2 2 Builder 2 | . . . . 2 . Tunneler 5 | 3 . . . 2 . Hauler 13 | . 2 . . 5 6 Recycler 9 | 1 2 . . 3 3 Operator 1 | . . . . . 1 Watcher 7 | . 3 . . 4 . Swarmer 30 | . 6 9 4 11 . Grunt 35 | . 6 . 2 11 16 Brawler 2 | . . . . 2 . Duelist 3 | . . . . 2 1 Protector 2 | . . . . 2 . Sentry 9 | . . . 1 3 5 Specialist 2 | . . . . 2 . Hunter 1 | . . . . 1 . Heavy 1 | . . . . 1 . Artisan 2 | . . . 2 . . Subdweller 14 | . . . 14 . . Best Kill Streak 9 | 2 4 3 4 6 9 Combat Bots Only 8 | . 3 3 4 5 8 Max Kills in Single Turn 3 | 1 3 3 3 2 1 Gunslinging 1 | . 1 . . . . Exploded 3 | . 2 3 3 2 . Melee 1 | . . . . . 1 Uniques/NPCs Destroyed . | . . . . . . Combat | -11 -10 -10 -10 -8 -8 -------- Run | Yrd Mat Min Sub Mat Sto Hostile Shots Fired 453 | . 29 22 111 175 116 Missed 121 | . 11 7 38 43 22 Damage Taken 5290 | . 200 171 1386 2151 1382 Core 684 | . 12 16 101 375 180 Absorbed by Shields 510 | . . . . 247 263 Regen/Repaired (Parts) 261 | . 83 . . 178 . Core Remaining (%) 74 | 100 . . 48 . . Volleys Fired 328 | 6 38 12 87 160 25 Largest 2 | 2 2 2 2 2 2 Hottest 128 | 40 46 46 128 128 50 Shots Fired 560 | 12 73 22 137 267 49 Gun 438 | 12 70 20 102 185 49 Cannon 103 | . . . 30 73 . Launcher 19 | . 3 2 5 9 . Special . | . . . . . . Kinetic 478 | 12 70 20 101 226 49 Thermal 72 | . . . 31 41 . Explosive 10 | . 3 2 5 . . Electromagnetic . | . . . . . . Robot Hit Streak 32 | 5 11 4 32 11 18 Robot Miss Streak 7 | 1 7 3 2 6 2 Penetration Max . | . . . . . . Secondary Targets 6 | . 1 . 2 1 2 Max Gunslinging Chain 1 | . 1 . 1 1 1 Shots Hit Robots 389 | 7 42 11 87 162 80 Core Hits 188 | 5 28 10 37 83 25 Critical Kills 5 | . . . 1 1 3 Critical Parts Destroyed 13 | . . . 2 2 9 Critical Strikes 23 | . . . 6 4 13 Meltdown 2 | . . . 1 1 . Destroy 7 | . . . 5 2 . Smash 14 | . . . . 1 13 Melee Attacks 60 | . . . . 5 55 Impact 60 | . . . . 5 55 Slashing . | . . . . . . Piercing . | . . . . . . Sneak Attacks 10 | . . . . 1 9 Combat Hostiles . | . . . . . . Follow-up Attacks . | . . . . . . Damage Inflicted 10386 | 87 868 399 1652 4672 2708 Guns 4677 | 87 630 133 1115 2090 622 Cannons 1117 | . . . 267 850 . Explosions 2240 | . 219 239 265 1517 . Melee 2248 | . . . . 162 2086 Ramming 104 | . 19 27 5 53 . Kinetic 6870 | 87 630 133 1246 4152 622 Thermal 441 | . . . 136 305 . Explosive 723 | . 219 239 265 . . Electromagnetic . | . . . . . . Impact 2248 | . . . . 162 2086 Slashing . | . . . . . . Piercing . | . . . . . . Highest Corruption . | . . . . . . Average Corruption . | . . . . . . Corruption Purged . | . . . . . . Corruption Blocked . | . . . . . . Overload Shots . | . . . . . . Overflow Damage 918 | . . 43 . 160 715 Projectiles 12 | . . . . 12 . Explosions 87 | . . 43 . 44 . Melee 819 | . . . . 104 715 Knockbacks 15 | . . . 2 7 6 Impact 7 | . . . . 1 6 Kinetic 8 | . . . 2 6 . Secondary . | . . . . . . Self-Inflicted Damage 219 | . . 48 38 133 . Shots 5 | . . 1 1 3 . Rammed 12 | . . 3 1 8 . Targets Rammed 16 | . 2 3 1 10 . Kicked . | . . . . . . Crushed 4 | . 2 . . 2 . Highest Temperature 320 | . 38 12 5 288 320 Average Temperature 72 | . 10 5 5 80 111 Received Heat Transfer 1547 | . 96 . 381 465 605 Effects 2 | . . . . 2 . Energy Bleed 2 | . . . . 2 . Siege Activations . | . . . . . . Robots Corrupted . | . . . . . . Combat Hostiles . | . . . . . . Parts Fried 18 | . . . . 2 16 Impact Corruptions 30 | . . . . 4 26 Robots Melted 2 | . . . 1 1 . Combat Hostiles 1 | . . . 1 . . Parts Melted 6 | . . . 3 3 . Heat Transferred 592 | . . . 185 407 . Parts Sabotaged . | . . . . . . Parts Stolen . | . . . . . . Parts Stripped . | . . . . . . Power Chain Reactions . | . . . . . . Alert | -11 -10 -10 -10 -8 -8 ------- Run | Yrd Mat Min Sub Mat Sto Peak Influence 843 | 20 188 186 . 843 814 Initial 340 | . 13 43 . 321 340 Average 269 | 8 87 59 . 495 566 Maximum Alert Level 3 | . . . . 3 3 Low Security (%) 55 | 100 100 100 . . . Level 1 14 | . . . . 41 12 Level 2 21 | . . . . 38 76 Level 3 7 | . . . . 20 11 Level 4 . | . . . . . . Level 5 . | . . . . . . High Security . | . . . . . . Max Security . | . . . . . . Squads Dispatched 17 | . 3 . . 5 9 Investigation 3 | . 2 . . 1 . Extermination . | . . . . . . Reinforcement 6 | . 1 . . 2 3 Assault 5 | . . . . 2 3 Garrison 3 | . . . . . 3 Intercept . | . . . . . . Searches Triggered . | . . . . . . Construction Impeded . | . . . . . . Haulers Reinforced . | . . . . . . Active Scanning Responses . | . . . . . . Cargo Convoy Interrupts . | . . . . . . Stealth | -11 -10 -10 -10 -8 -8 --------- Run | Yrd Mat Min Sub Mat Sto Distress Signals 11 | . 1 . . 5 5 Communications Jammed . | . . . . . . Distress Signals . | . . . . . . Times Spotted 172 | . 19 7 55 47 44 Peak Tracking Total 9 | . 3 3 6 5 9 Tactical Retreats 6 | . . . 2 3 1 Traps | -11 -10 -10 -10 -8 -8 ------- Run | Yrd Mat Min Sub Mat Sto Traps Triggered 2 | . 1 . . 1 . Indirectly . | . . . . . . Trap Hack Attempts . | . . . . . . Triggered . | . . . . . . Disarmed . | . . . . . . Reprogrammed . | . . . . . . Reused . | . . . . . . Traps Extracted . | . . . . . . Installed . | . . . . . . Triggered . | . . . . . . Machines | -11 -10 -10 -10 -8 -8 ---------- Run | Yrd Mat Min Sub Mat Sto Machines Disabled 13 | . . 2 5 5 1 Max in Single Turn 2 | . . 1 2 2 1 Garrison Access 1 | . . . . 1 . Machines Repaired . | . . . . . . Machines Dismantled 1 | . . . . . 1 Machines Sabotaged . | . . . . . . Overloaded Fab Kills . | . . . . . . Hacking | -11 -10 -10 -10 -8 -8 --------- Run | Yrd Mat Min Sub Mat Sto Machines Accessed 29 | . 10 . 2 10 7 Terminals 21 | . 7 . . 7 7 Fabricators . | . . . . . . Repair Stations 3 | . 1 . . 2 . Recycling Units 2 | . 2 . . . . Scanalyzers 1 | . . . . 1 . Garrison Access . | . . . . . . Total Hacks 66 | . 22 . 3 28 13 Successful 34 | . 11 . 3 14 6 Failed 31 | . 10 . . 14 7 Catastrophic 7 | . . . . 4 3 Database Lockouts 1 | . 1 . . . . Manual 42 | . 18 . . 17 7 Terminals 53 | . 18 . . 22 13 Fabricators . | . . . . . . Repair Stations 6 | . 2 . . 4 . Recycling Units 2 | . 2 . . . . Scanalyzers 2 | . . . . 2 . Garrison Access . | . . . . . . Terminal Hacks 18 | . 5 . 3 5 5 Record 2 | . . . 2 . . Part Schematic 1 | . 1 . . . . Robot Schematic 1 | . 1 . . . . Robot Analysis 1 | . 1 . . . . Open Door 3 | . . . . . 3 Alert Level 2 | . . . . 1 1 Unreport Threat 3 | . . . . 2 1 Locate Traps 2 | . 1 . . 1 . Hauler Manifests 2 | . 1 . . 1 . Derelict Proto ID Bank 1 | . . . 1 . . Fabricator Hacks . | . . . . . . Repair Station Hacks 5 | . 2 . . 3 . Scan Component 3 | . 1 . . 2 . Repair 2 | . 1 . . 1 . Recycling Unit Hacks . | . . . . . . Scanalyzer 2 | . . . . 2 . Insert Component 1 | . . . . 1 . Analyze 1 | . . . . 1 . Garrison Access Hacks . | . . . . . . Unauthorized Hacks 9 | . 4 . . 4 1 Terminals 7 | . 2 . . 4 1 Botnet 6 | . 2 . . 3 1 Operators 1 | . . . . 1 . Fabricators . | . . . . . . Repair Stations . | . . . . . . Recycling Units 2 | . 2 . . . . Tunnel 2 | . 2 . . . . Scanalyzers . | . . . . . . Garrison Access . | . . . . . . Data Cores Recovered 1 | . . . . . 1 Used . | . . . . . . Hacking Detections 21 | . 7 . . 9 5 Full Trace Events . | . . . . . . Feedback Events . | . . . . . . Feedback Blocked . | . . . . . . Robot Schematics Acquired 1 | . 1 . . . . Robots Built . | . . . . . . Authchips . | . . . . . . Time . | . . . . . . Total Robot Build Rating . | . . . . . . Part Schematics Acquired 2 | . 1 . . 1 . Parts Built . | . . . . . . Authchips . | . . . . . . Time . | . . . . . . Total Part Build Rating . | . . . . . . Parts Repaired 2 | . 1 . . 1 . Time 64 | . 32 . . 32 . Parts Recycled . | . . . . . . Recycled Matter . | . . . . . . Retrieved Matter . | . . . . . . Retrieved Components . | . . . . . . Parts Scanalyzed 1 | . . . . 1 . Part Schematics Acquired 1 | . . . . 1 . Parts Damaged . | . . . . . . Bothacking | -11 -10 -10 -10 -8 -8 ------------ Run | Yrd Mat Min Sub Mat Sto Used RIF Installer . | . . . . . . Robots Hacked . | . . . . . . Non-combat . | . . . . . . Combat . | . . . . . . Robot Hacks Applied . | . . . . . . Relay Couplers Released 2 | . . . . 2 . Machine Destruction 2 | . . . . 2 . Fabnet Peak Effective % . | . . . . . . Robots Rewired . | . . . . . . Allies Hacked . | . . . . . . Hacks Repelled . | . . . . . . Allies | -11 -10 -10 -10 -8 -8 -------- Run | Yrd Mat Min Sub Mat Sto Total Allies 13 | . . . 3 . 10 Largest Group 10 | . . . 2 1 10 Highest-Rated Group 173 | . . . 38 19 173 Highest-Rated Ally 29 | . . . 19 19 29 Total Orders . | . . . . . . Ally Attacks 42 | . . . 5 . 37 Total Damage 995 | . . . 529 . 466 Kills 9 | . . . 3 . 6 Allies Corrupted . | . . . . . . Allies Melted . | . . . . . . Intel | -11 -10 -10 -10 -8 -8 ------- Run | Yrd Mat Min Sub Mat Sto Robot Analysis Total 1 | . 1 . . . . Derelict Logs Recovered 4 | . . 1 3 . . Drone Launches . | . . . . . . Drone Recoveries . | . . . . . . Exploration | -11 -10 -10 -10 -8 -8 ------------- Run | Yrd Mat Min Sub Mat Sto Turns Passed 11709 | 115 2141 1443 5082 2064 864 Spaces Moved 5413 | 57 862 582 2660 920 332 Core 8 | 7 1 . . . . Treads 5158 | 50 861 582 2660 920 85 Legs . | . . . . . . Wheels 246 | . . . . . 246 Hover 1 | . . . . . 1 Flight . | . . . . . . Fastest Speed 50 | 50 160 240 160 156 158 Average Speed 187 | 146 229 240 175 161 165 Slowest Speed 530 | 160 300 240 250 250 530 Overloaded Moves . | . . . . . . Propulsion Burnouts . | . . . . . . Robots Hopped . | . . . . . . Cave-ins Triggered . | . . . . . . Exploration Rate (%) 70 | 5 97 99 84 73 63 Regions Visited 5 Branch Regions 3 Pre-discovered Areas 5 | . 2 2 1 . . Known Exits Taken 1 | . . . . 1 . Unknown Exits Taken 4 | 1 1 1 1 . . Scrap Searched 7 | . . 1 6 . . Spaces Dug 96 | . 28 9 2 55 2 Terrain Destroyed 231 | . 28 15 41 145 2 Melee 3 | . . . . 1 2 Projectile 45 | . . . 8 37 . AOE 183 | . 28 15 33 107 . Terrain Rammed . | . . . . . . Walls Destroyed . | . . . . . . Machines Disabled . | . . . . . . Actions | -11 -10 -10 -10 -8 -8 --------- Run | Yrd Mat Min Sub Mat Sto Total 6334 | 73 959 607 2944 1263 488 Wait 231 | . 19 3 113 66 30 Move 5408 | 56 861 581 2659 919 332 Hop . | . . . . . . Pick Up 62 | 3 14 2 18 18 7 Fast Attach 43 | 7 4 1 12 12 7 Attach 14 | . . . 3 7 4 Detach 7 | . . . 2 4 1 Swap 83 | 1 17 3 12 38 12 Drop 59 | . 4 2 23 24 6 Fire 328 | 6 38 12 87 160 25 Melee 60 | . . . . 5 55 Ram . | . . . . . . Kick . | . . . . . . Crush 16 | . 2 3 1 10 . Escape Stasis . | . . . . . . Rewire 1 | . . . . . 1 Trap . | . . . . . . Miscellaneous 22 | . . . 14 . 8 Route ------- -11/Scrapyard -10/Materials (discovered 4 exits: [*Mat x3] / [*Min]) -10/Mines (discovered 4 exits: [*Mat x2] / [*Exi] / *Sub) -10/Subcaves (discovered 3 exits: *Mat x2 / [*Rec]) -8/Materials (discovered 4 exits: *Fac x2 / *Sto x2) -8/Storage (discovered 1 exit: *Fac) History --------- Turn | Location | Event 38 | -11/Scrapyard | Discovered new exit (range 15) 116 | -11/Scrapyard | Entered Materials 229 | -10/Materials | Discovered new exit (range 13) 301 | -10/Materials | Discovered new exit (range 15) 318 | -10/Materials | Build established: Mutant 703 | -10/Materials | Discovered new exit (range 10) 1253 | -10/Materials | Repaired Autogun 1459 | -10/Materials | Central database locked down 1999 | -10/Materials | Discovered new exit (range 8) 2257 | -10/Materials | Entered Mines 2264 | -10/Mines | Received a Rocket Launcher from a helpful Derelict 2284 | -10/Mines | Learned location of Storage (-8) 2401 | -10/Mines | Deemed a non-threat by the Exiles lab entrance 2401 | -10/Mines | Discovered new exit (range 5) 2772 | -10/Mines | Discovered new exit (range 15) 3069 | -10/Mines | Discovered new exit (range 10) 3455 | -10/Mines | Discovered new exit (range 14) 3700 | -10/Mines | Entered Subcaves 3760 | -10/Subcaves | A Subdweller sparked back to life 3760 | -10/Subcaves | A Subdweller sparked back to life 3760 | -10/Subcaves | A Subdweller sparked back to life 3805 | -10/Subcaves | Learned location of Zion (-6) 3805 | -10/Subcaves | Met a Zionite searching for "candidates" 3856 | -10/Subcaves | Discovered new exit (range 7) 4112 | -10/Subcaves | Shifting Twisted Machinery released Sub. Machine Gun 4294 | -10/Subcaves | Build established: Scavenger-Mutant 4387 | -10/Subcaves | Shifting Twisted Machinery released Mak. System Restoration Module 4399 | -10/Subcaves | Shifting Twisted Machinery released Scrap Shield 4740 | -10/Subcaves | A swath of the cavern ceiling suddenly collapsed 4979 | -10/Subcaves | Learned Materials stockpile data 5319 | -10/Subcaves | Build established: Mutant 5426 | -10/Subcaves | Visited Clippyterm 5430 | -10/Subcaves | Learned Research machine intel 5658 | -10/Subcaves | Learned 8 Materials zone layouts 5896 | -10/Subcaves | Learned Materials interactive machine intel 6158 | -10/Subcaves | Visited 4L-MR0's lab 6190 | -10/Subcaves | Found Meta Core 6337 | -10/Subcaves | Discovered new exit (range 14) 6361 | -10/Subcaves | Build established: Subdweller-Mutant 6450 | -10/Subcaves | Visited triangular shrine 6460 | -10/Subcaves | Found Prototype Device 6460 | -10/Subcaves | Identified V3-11A's Pendant 6465 | -10/Subcaves | Befriended Subdweller 7436 | -10/Subcaves | Befriended Subdweller 7436 | -10/Subcaves | Befriended Subdweller 7476 | -10/Subcaves | Shifting Twisted Machinery released Sub. Monowheel 7476 | -10/Subcaves | Shifting Twisted Machinery released Sub. Shrapnel Launcher 7626 | -10/Subcaves | Found Flightbrick 7909 | -10/Subcaves | Build established: Mutant 7977 | -10/Subcaves | Discovered new exit (range 15) 8286 | -10/Subcaves | Disturbed a concealed Subdweller 8289 | -10/Subcaves | Core integrity fell below 50% 8290 | -10/Subcaves | Ambushed by Subdweller buried in earth 8290 | -10/Subcaves | Ambushed by Subdweller buried in earth 8782 | -10/Subcaves | Entered Materials 8782 | -8/Materials | Accompanied by 1 ally 8782 | -8/Materials | Evolved 4 slots: Propulsion x2, Utility x2 8783 | -8/Materials | Identified exit to Factory 8783 | -8/Materials | Identified exit to Storage 8785 | -8/Materials | Loaded intel: 17 interactive machine locations 9104 | -8/Materials | Lost 3 parts (1n2u) 9294 | -8/Materials | Repaired Spk. Treads 9942 | -8/Materials | Discovered exit to Factory (range 11) 10382 | -8/Materials | First assault squad dispatched 10400 | -8/Materials | Core integrity fell below 50% 10722 | -8/Materials | Build established: Scavenger-Mutant 10846 | -8/Materials | Entered Storage 11085 | -8/Storage | Garrison activated, responded to threat 11160 | -8/Storage | Destroyed 8 combat bots 11183 | -8/Storage | Core integrity fell below 20% 11246 | -8/Storage | First assault squad dispatched 11339 | -8/Storage | Lost 4 parts (2n1u1w) 11476 | -8/Storage | Discovered exit to Factory (range 7) 11551 | -8/Storage | Assisted by bots powering up and referring to "LRC-V3" 11710 | -8/Storage | Destroyed by D-53 Grenadier with Mini Grenade Launcher Last Messages --------------- 11701_ I-25 Savior unfolds itself. 11702_ I-25 Savior suffers critical hit (Burn). 11704_ K-01 Serf collects debris. 11705_ Acquired 25 matter. 11706_ G-47 Trooper destroyed. 11706_ B-36 Bruiser destroyed. 11706_ Trooper 3b destroyed. 11706_ G-50 Soldier unfolds itself. 11706_ M-28 Smith unfolds itself. 11707_ G-47 Trooper destroyed. 11707_ K-01 Serf collects debris. 11708_ Trooper 3f destroyed. 11708_ I-25 Savior destroyed. 11708_ Trooper 3h destroyed. 11708_ Trooper 3g destroyed. 11708_ K-01 Serf destroyed. 11708_ Imp. Shield Generator destroyed. 11708_ Trooper 3e destroyed. 11710_ Trooper 3i destroyed. 11710_ Trooper 3c destroyed. Map ----- +----------------------------------------------------+ | ???####+### ????????????????????????? | | ???# ????????????????????????? | | ???# #????????????????????????? | | ???# ^ #????????????????????????? | | ???# #????????????????????????? | | ??????? #????????????????????????? | | ??????????# #????????????????????????? | | ??????????# #????????????????????????? | | ??????????# !######+#?????????????????? | | ?###+####?#[ =+ #?????????????????? | | ?? ?# ! # #?????????????????? | | ?? """ # # #?????????????????? | | ?# """ # #? #?????????????????? | | ?" """ + #?[! ]#??????????? ???? | | #T # # #??????????# ???? | | #" """ # # = #?????????? ???? | | ?? """ ?# /a #??????????# ???? | | ?? """ ?#o #! #??????????# ???? | | ?? ??# # #?"????????# ???? | | ########### # [ # """ ""%??# ???? | | # ] # # gd ## #??? | | # # # = g= ### #??? | | # ! # d!l= # #### | | # [ + g % =%g=%g% # # | | # # %[ d = # # | | # #* @ = ### #%"" | | # = #%! ## %# "" | | # % ! +=[ """ """ ## %+[*" | | ?###### #####+##+##"R ""???# # * | | ??# # [%#??"" ???????# #[*! | | ??# # = ????? ???????# #**% | | ??# # [[[ #?????????????# ##"T | | ??# ! !# [[[ #?????????????# #### | | ??# *] # [[ #?????????????# #??? | | ??####+##+# [ #?????????????# #??? | | ?????#! ###################### #??? | | ?#####/## ######??# =## #??? | | ?# % # ## #??# ## #??? | | ?# ! # + #??# / ?# #??? | | ?# # # #??# ???# #??? | | ?# [ # # #??# *?????# #??? | | ?######## ##T #??# ??????# #??? | | # ## ######??# ?? ????## ##?? | | # """ !## #########+######+#### #?? | | # """ # [ = ![%[! ! #?? | | # """ # / =[= * #?? | | # #= * [ #?? | | # """ [# #+#############+#### #?? | | # """ += # T#???????? ??#####+##? | | # """ =# ## ###???????? ?????# ## | +----------------------------------------------------+ Best States ------------- Heat Dissipation 31 Energy Generation 16 Energy Capacity 290 Matter Stores 300 Matter Capacity 300 Sight Range 16 Robot Scan Range 15 Terrain Scan Range 16 Terrain Scan Density 10 Armor Coverage 825 Evasion (%) 40 Core Analysis 6 Recoil Reduction 4 Item Schematics ----------------- Huge Storage Unit | -10/Materials | Hacked Sub. Shrapnel Launcher | -8/Materials | Scanalyzed Robot Schematics ------------------ M-13 Machinist | -10/Materials | Hacked Fabricated ------------ Nothing Alien Tech Used ----------------- None Achievements -------------- None Challenges ------------ None Game ------ Seed DefenseActuatorAirjet Manual? 0 Play Time 01:37:43 Cumulative 472.0 hours Start 2024.04.12 @ 11:27:44 End 2024.04.17 @ 22:14:35 Sessions 9 Manual Loads 0 Difficulty Rogue Special Mode None Game No. 216 Rogue 216 Adventurer 0 Explorer 0 Win Type - Total 11 Types 8/0/1/1/0/0/0/1/0 Lore% 87 Gallery% 93 Achievement% 71 Wizard Run 0 Options --------- Layout 2 ASCII 1 Keyboard 1 Movement Vi Keybinds 0 Fullscreen 2 Font 18/SmallcapsGlow Map View 50x49 Zoom Use 0% Tactical HUD 1 Map Filters NONE Filters NONE Steam 0 RUN: cd178f53-2be3-4ce7-95f7-e1056c2005a1